 Dungeon Crawl Stone Soup version 0.22-a0-448-g1fb7470 (webtiles) character file.

461 pk666 the Conjurer (level 6, -5/32 HPs)
             Began as a Deep Elf Fire Elementalist on June 5, 2018.
             Slain by Duvessa
             ... wielding a +0 short sword
              (11 damage)
             ... on level 4 of the Dungeon.
             The game lasted 00:10:06 (3731 turns).

pk666 the Conjurer (Deep Elf Fire Elementalist)     Turns: 3731, Time: 00:10:06

Health: -5/32      AC:  4    Str:  5    XL:     6   Next: 79%
Magic:  6/16       EV: 13    Int: 22    God:
Gold:   162        SH:  0    Dex: 15    Spells: 6/15 levels left

rFire    . . .     SeeInvis .   (no weapon)
rCold    . . .     Gourm    .   (no shield)
rNeg     . . .     Faith    .   a - +0 robe
rPois    .         Spirit   .   (no helmet)
rElec    .         Reflect  .   (no cloak)
rCorr    .         Harm     .   (no gloves)
MR       .....                  j - +1 pair of boots
Stlth    +.........             (no amulet)
HPRegen  0.10/turn              (no ring)
MPRegen  0.15/turn              (no ring)

@: hasted, glowing, very quick
A: no striking features
a: no special abilities


You were on level 4 of the Dungeon.
You were near starving.

You visited 1 branch of the dungeon, and saw 4 of its levels.

You collected 162 gold pieces.

Inventory:

Missiles
 f - 7 javelins (quivered)
Armour
 a - a +0 robe (worn)
 j - a +1 pair of boots (worn)
Jewellery
 e - an uncursed amulet of magic regeneration {unknown}
Scrolls
 b - a scroll of teleportation
 d - 3 scrolls of magic mapping
 k - a scroll of remove curse
 m - 4 scrolls of amnesia
 n - 2 scrolls of identify
 o - a scroll of noise {unknown}
Potions
 g - 3 potions of haste
 h - 4 potions of curing {unknown}
 i - a potion of flight {unknown}
 l - 2 potions of brilliance {unknown}
Comestibles
 c - 5 rations


   Skills:
 - Level 2.4 Dodging
 - Level 2.4 Stealth
 + Level 5.4 Spellcasting
 * Level 5.5 Conjurations
 + Level 5.0 Fire Magic


You had 6 spell levels left.
You knew the following spells:

 Your Spells              Type           Power        Failure   Level  Hunger
a - Flame Tongue          Conj/Fire      ####.        1%          1    None
c - Conjure Flame         Conj/Fire      ####....     3%          3    ##.....
z - Fireball              Conj/Fire      ####......   30%         5    #####..

Your spell library contained the following spells:

 Spells                   Type           Power        Failure   Level  Hunger
 Throw Flame              Conj/Fire      ####..       1%          2    None
 Sticky Flame             Conj/Fire      ####....     11%         4    ####...
 Inner Flame              Hex/Fire       ###.....     11%         3    ##.....


Dungeon Overview and Level Annotations

Branches:
Dungeon (4/15)
 Temple: D:4-7

Altars:
Okawaru

Annotations:
D:3 exclusion: downstairs
D:4 Duvessa, Robin


Message History

Aim: Dowan, wielding a dagger and wearing a robe (almost dead)
The flame tongue hits Dowan.
You kill Dowan!
Duvessa screams in rage.
Duvessa goes berserk!
Your Fire Magic skill increases to level 5!
You hear a shout!
Casting: Flame Tongue (safe; 1% risk of failure)
Confirm with . or Enter, or press ? or * to list all spells.
Aiming: Flame Tongue (safe; 1% risk of failure)
Press: ? - help, Shift-Dir - straight line, f - Duvessa
Aim: Duvessa, wielding a short sword and wearing a scale mail (flame, berserk, fast, unusually strong)
The flame tongue hits Duvessa.
Duvessa is lightly wounded.
Duvessa is engulfed in blazing flames.
Duvessa hits you with a short sword!
Duvessa is engulfed in blazing flames.
Duvessa hits you with a short sword!
* * * LOW HITPOINT WARNING * * *
You feel yourself speed up.
Duvessa is engulfed in blazing flames.
Duvessa hits you with a short sword!
You die...

................#.#
............(...#.##
##..............#..##
###.#####......#...
#.# #..)...# #.#
#......# #.# ##....g#
##.## #...##e#
.##...# ##...###@##
...[..###...# #..#
...###<>...######.#
..# #....###.....##
.. ##.....).......##
. #...#.......#....#
# #..###........###.#
#...# ##......## #
#..####......##


You could see Duvessa (berserk) and a goblin.

Vanquished Creatures
  Purgy (D:4)
  An ogre (D:4)
  Dowan (D:4)
  A howler monkey (D:4)
  An orc priest (D:4)
  4 gnolls (D:3)
  5 adders
  An ooze (D:1)
  A worm (D:3)
  A dart slug (D:2)
  3 leopard geckos
  5 orcs
  5 giant cockroaches
  6 hobgoblins
  3 jackals (D:3)
  4 kobolds
  5 quokkas
  A ball python (D:1)
  5 bats
  3 frilled lizards
  11 goblins
  A quokka zombie (D:4)
  A rat (D:2)
70 creatures vanquished.

Vanquished Creatures (others)
  A plant (D:2)
1 creature vanquished.

Grand Total: 71 creatures vanquished

Notes
Turn   | Place    | Note
-------+----------+-------------------------------------------
     0 | D:1      | pk666 the Deep Elf Fire Elementalist began the quest for the Orb.
     0 | D:1      | Reached XP level 1. HP: 10/10 MP: 6/6
   144 | D:1      | Reached XP level 2. HP: 15/15 MP: 5/8
   704 | D:1      | You fall through a shaft!
   849 | D:2      | Reached XP level 3. HP: 19/19 MP: 6/10
  1046 | D:2      | Found an iron altar of Okawaru.
  1687 | D:3      | Learned a level 3 spell: Conjure Flame
  1740 | D:3      | Reached XP level 4. HP: 24/24 MP: 6/11
  2623 | D:3      | Reached XP level 5. HP: 28/28 MP: 11/13
  2638 | D:3      | Learned a level 5 spell: Fireball
  2717 | D:4      | Noticed an ogre
  2973 | D:4      | Noticed Robin
  3067 | D:4      | Noticed Purgy
  3077 | D:4      | Killed Purgy
  3077 | D:4      | Reached XP level 6. HP: 32/32 MP: 3/15
  3268 | D:4      | Reached skill level 5 in Spellcasting
  3321 | D:4      | Noticed Duvessa
  3322 | D:4      | Noticed Dowan
  3579 | D:4      | Reached skill level 5 in Conjurations
  3729 | D:4      | Killed Dowan
  3729 | D:4      | Reached skill level 5 in Fire Magic
  3731 | D:4      | Slain by Duvessa

Vault maps used:
D:1:      lightli_arrival_windingriver, serial_bayou_ford_a,
          roderic_serpentine_path
D:2:      wad_woods_stonehenge
D:3:      first_ration, kennysheep_generic_room_12
D:4:      uniq_robin, uniq_purgy, uniq_duvessa

Skill      XL: |  1  2  3  4  5  6 |
---------------+-------------------+-----
Conjurations   | 2 3 4 5 |  5.5
Spellcasting   | 4 5 |  5.4
Fire Magic     | 4 5 |  5.0
Dodging        | |  2.4
Stealth        | |  2.4

Action                   |  1- 3 |  4- 6 || total
-------------------------+-------+-------++-------
Melee: Unarmed           |     3 |     3 ||     6
 Cast: Flame Tongue      |    57 |    90 ||   147
       Conjure Flame     |       |     6 ||     6
  Use: Scroll            |     5 |     1 ||     6
       Potion            |       |     1 ||     1
  Eat: Chunk             |     2 |     5 ||     7
Armor: Robe              |     6 |    11 ||    17
Dodge: Dodged            |     7 |    25 ||    32

Table legend:
 A = Spawn XP
 B = Non-spawn XP
 C = Spawn XP percentage of total XP
 D = Spawn monster count
 E = Non-spawn monster count
 F = Spawn count percentage of total count
 G = Total turns spent on level
                    A         B        C        D         E        F      G
               +---------+---------+-------+---------+---------+-------+---------
         Total |       0 |     659 |   0.0 |       0 |      70 |   0.0 |  3731
               +---------+---------+-------+---------+---------+-------+---------
           D:1 |       0 |      35 |   0.0 |       0 |      17 |   0.0 |   774
           D:2 |       0 |      55 |   0.0 |       0 |      16 |   0.0 |   997
           D:3 |       0 |     135 |   0.0 |       0 |      26 |   0.0 |  1588
           D:4 |       0 |     434 |   0.0 |       0 |      11 |   0.0 |   372
               +---------+---------+-------+---------+---------+-------+---------
